 Dungeon Crawl Stone Soup version 0.31-a0-1467-g53b6572 (webtiles) character file.

Game seed: 11565090329238413011

109 samfromsteam the Trooper (level 4, -2/41 HPs)
             Began as a Minotaur Fighter on Dec 28, 2023.
             Killed by nerve-wracking pain
             ... invoked by Grinder
              (11 damage)
             ... on level 4 of the Dungeon.
             The game lasted 00:04:08 (1634 turns).

samfromsteam the Trooper (Minotaur Fighter)         Turns: 1634, Time: 00:04:08

Health: -2/41      AC: 10    Str: 23    XL:     4   Next: 59%
Magic:  3/3        EV: 10    Int:  5    God:
Gold:   132        SH:  4    Dex:  9    Spells: 3/3 levels left

rFire   . . .        l - +0 whip (drain)
rCold   . . .        c - +0 buckler
rNeg    . . .        a - +3 leather armour {Will+}
rPois   .            (helmet restricted)
rElec   .            s - +0 cloak
rCorr   .            q - +0 pair of gloves
SInv    .            r - +0 pair of boots
Will    +....        (no amulet)
Stlth   +            (no ring)
HPRegen 0.26/turn    (no ring)
MPRegen 0.08/turn

%: no passive effects
@: no status effects
A: horns 2, retaliatory headbutt
a: no special abilities


You were on level 4 of the Dungeon.
You visited 1 branch of the dungeon, and saw 4 of its levels.

You collected 132 gold pieces.

Inventory:

Hand Weapons
 l - a +0 whip of draining (weapon)
Armour
 a - a +3 leather armour of willpower (worn)
 c - a +0 buckler (worn)
 q - a +0 pair of gloves (worn)
 r - a +0 pair of boots (worn)
 s - a +0 cloak (worn)
Wands
 p - a wand of mindburst (7) (quivered)
Scrolls
 b - a scroll of brand weapon {unknown}
 f - 6 scrolls of identify {unknown}
 h - 3 scrolls of teleportation {unknown}
 i - a scroll of amnesia {unknown}
 k - 2 scrolls of silence {unknown}
 m - a scroll of poison {unknown}
 o - a scroll of enchant armour {unknown}
Potions
 d - a potion of might
 e - 2 potions of brilliance {unknown}
 g - 2 potions of lignification {unknown}
 j - a potion of attraction {unknown}
 n - 2 potions of degeneration {unknown}


   Skills:
 + Level 4.5 Fighting
 + Level 3.6 Axes
 + Level 4.4 Armour
 + Level 4.5 Shields


You had 3 spell levels left.
You didn't know any spells.
Your spell library contained the following spells:

 Spells                   Type           Power      Damage    Failure   Level
 Slow                     Hex            0%         N/A       58%         1
 Confusing Touch          Hex            0%         N/A       91%         3
 Sigil of Binding         Hex            0%         N/A       91%         3
 Vampiric Draining        Necr           0%         2d6       91%         3


Dungeon Overview and Level Annotations

Branches:
Dungeon (4/15)
 Temple: D:4-7

Altars:
Cheibriados

Shops:
D:1 :

Annotations:
D:4 Grinder


Innate Abilities, Weirdness & Mutations

You have a pair of horns on your head.
You reflexively headbutt those who attack you in melee.


Message History

You barely miss Grinder.
Grinder is moderately wounded.
Grinder gestures at you.
You easily resist.
You barely miss Grinder. Your headbutt misses Grinder.
Grinder is moderately wounded.
You block Grinder's attack.
You hit Grinder.
Grinder is moderately wounded.
Grinder hits you but does no damage.
You closely miss Grinder.
Grinder is moderately wounded.
Grinder closely misses you.
You hit Grinder. Your headbutt misses Grinder.
Grinder is heavily wounded.
Grinder hits you.
You writhe in agony.
You completely miss Grinder. Your headbutt misses Grinder.
Grinder is heavily wounded.
Grinder hits you but does no damage.
You hit Grinder. Your headbutt misses Grinder.
Grinder is heavily wounded.
Grinder closely misses you. You furiously retaliate!
You headbutt Grinder, but do no damage. You hit Grinder.
Grinder is severely wounded.
Grinder hits you.
You writhe in agony.
* * * LOW HITPOINT WARNING * * *
You hit Grinder.
Grinder is severely wounded.
You block Grinder's attack.
You hit Grinder but do no damage.
Grinder is severely wounded.
Grinder zaps a wand.
The puff of flame hits you.
* * * LOW HITPOINT WARNING * * *
You hit Grinder.
Grinder is almost dead.
Grinder gestures at you. Pain shoots through your body!
You die...
Grinder says, "Hey, I wasn't done torturing you yet!"

############.#
#.....5..<...#
#....##.##@####.#
###.. #.##.# #..
#.##.# #.. #.##.#
#.. #.##.# #.5
.....# #.# #.####
..# #.#


You could see Grinder.

Vanquished Creatures
  A gnoll (D:1)
  4 adders
  3 dart slugs (D:1)
  3 bats (D:1)
  10 endoplasms
  2 giant cockroaches (D:1)
  4 goblins
  6 hobgoblins
  7 kobolds
  5 quokkas
  3 ball pythons
  4 frilled lizards
52 creatures vanquished.

Notes
Turn   | Place    | Note
-------+----------+-------------------------------------------
     0 | D:1      | samfromsteam the Minotaur Fighter began the quest for the
                  | Orb.
     0 | D:1      | Reached XP level 1. HP: 19/19 MP: 0/0
   117 | D:1      | Reached XP level 2. HP: 26/27 MP: 1/1
   192 | D:1      | Found Upriatz's Book Shop.
   503 | D:1      | Reached XP level 3. HP: 33/33 MP: 2/2
   845 | D:2      | Found a snail-covered altar of Cheibriados.
   887 | D:2      | Reached XP level 4. HP: 41/41 MP: 3/3
  1608 | D:4      | Noticed Grinder
  1622 | D:4      | Paralysed by Grinder for 2 turns
  1634 | D:4      | Killed from afar by Grinder

Illustrated notes

Levels and vault maps discovered:
D:1:      lemuel_arrival_cross, layout_loops_ring, serial_shops, shop
D:2:      layout_rooms, basic_altar
D:3:      layout_rooms
D:4:      layout_loops_ring, gup_sewer_entry_bubbles, uniq_grinder, uniq_robin,
          uniq_eustachio

Skill      XL: |  1  2 |
---------------+-------+-----
Fighting       | 4 |  4.5
Shields        | 4 |  4.5
Armour         | 4 |  4.4
Axes           | 3 |  3.6

Action                     |  1- 3 |  4- 6 || total
---------------------------+-------+-------++-------
  Melee: War axe           |    64 |       ||    64
         Headbutt          |     8 |     4 ||    12
         Whip              |    18 |    33 ||    51
 Armour: Scale mail        |    55 |       ||    55
         Leather armour    |     2 |    16 ||    18
  Dodge: Dodged            |    41 |     6 ||    47
  Block: Buckler           |    13 |     3 ||    16

Table legend: (Time is in decaauts)
 A = Elapsed time spent in this place.
 B = Non-inter-level travel time spent in this place.
 C = Inter-level travel time spent in this place.
 D = Time resting spent in this place.
 E = Time spent auto-exploring this place.
 F = Levels seen in this place.
 G = Mean time per level.
                   A        B        C        D        E       F      G
               +--------+--------+--------+--------+--------+-----+--------+
         Total |   1659 |   1563 |     96 |      0 |   1213 |   4 |  414.8 |
       Dungeon |   1659 |   1563 |     96 |      0 |   1213 |   4 |  414.8 |
               +--------+--------+--------+--------+--------+-----+--------+

Top non-repeatable levels by time:
     D:1: 771 daAuts
     D:2: 439 daAuts
     D:3: 410 daAuts
     D:4: 37 daAuts
